 Dungeon Crawl Stone Soup version 0.29-a0-559-g359e09b9d1 (webtiles) character file.

Game seed: 16386557307756407010

457 spaghetti the Skirmisher (level 7, -7/76 HPs)
             Began as an Ogre Berserker on June 10, 2022.
             Was a Follower of Trog.
             Mangled by a gnoll
             ... wielding a +0 spear
             ... led by a gnoll shaman
              (9 damage)
             ... on level 4 of the Dungeon.
             The game lasted 00:04:56 (2249 turns).

spaghetti the Skirmisher (Ogre Berserker)           Turns: 2249, Time: 00:04:56

Health: -7/76      AC:  4    Str: 21 (24) XL:     7   Next: 6%
Magic:  7/7        EV: 10    Int:  6 (8)  God:    Trog [*.....]
Gold:   194        SH:  0    Dex:  7 (8)  Spells: 6/6 levels left

rFire   . . .      SeeInvis .     - Unarmed
rCold   . . .      Faith    .   (no shield)
rNeg    . . .      Spirit   .   a - +0 animal skin
rPois   .          Reflect  .   (helmet restricted)
rElec   .          Harm     .   v - +0 cloak
rCorr   .          Rampage  .   (gloves unavailable)
Will    .....                   (boots unavailable)
Stlth   +.........              m - amulet of regeneration {@e2}
HPRegen 1.02/turn               (no ring)
MPRegen 0.10/turn               (no ring)

@: on berserk cooldown, attractive
A: large, unfitting armour, tough skin 1
a: Renounce Religion, Berserk


You were on level 4 of the Dungeon.
You worshipped Trog.
Trog was aware of your devotion.
You visited 1 branch of the dungeon, and saw 4 of its levels.

You collected 194 gold pieces.


Innate Abilities, Weirdness & Mutations

You are too large for most types of armour.
You have tough skin. (AC +1)


   Skills:
 * Level 6.8 Fighting
 + Level 2.4 Throwing
 + Level 2.0 Armour
 - Level 2.6 Dodging
 * Level 4.5 Unarmed Combat


You had 6 spell levels left.
You didn't know any spells.
Your spell library was empty.

Inventory:

Hand Weapons
 f - a +0 club {mace}
   (You took it off a kobold on level 1 of the Dungeon)
 j - a +0 club {mace}
   (You found it on level 2 of the Dungeon)
 l - a +0 spear {polearm}
   (You found it on level 2 of the Dungeon)
 n - a +0 spear {polearm}
   (You found it on level 2 of the Dungeon)
 p - a +0 dagger {short}
   (You took it off a goblin on level 2 of the Dungeon)
 q - a +0 rapier {short}
   (You found it on level 2 of the Dungeon)
 s - a +0 hunting sling {sling}
   (You found it on level 2 of the Dungeon)
Missiles
 d - 137 stones (quivered) {throwing}
 x - 3 poisoned darts {throwing}
Armour
 a - a +0 animal skin (worn)
 v - a +0 cloak (worn)
   (You found it on level 3 of the Dungeon)
Jewellery
 e - a ring of poison resistance
   (You found it on level 1 of the Dungeon)
 m - an amulet of regeneration (around neck) {@e2}
   (You found it on level 2 of the Dungeon)
Scrolls
 g - 2 scrolls of immolation {unknown}
 h - a scroll of teleportation {unknown}
 o - a scroll of identify {unknown}
 r - a scroll of silence {unknown}
 t - a scroll of noise {unknown}
 u - a scroll of enchant weapon {unknown}
 w - a scroll of fog {unknown}
Potions
 i - a potion of berserk rage {!q}

Dungeon Overview and Level Annotations

Branches:
Dungeon (4/15)             Temple (0/1) D:4

Altars:

#..# #. #..#
#.#.#######..#
.[...........#
###.#########.##
... #.....#####
#!#####†..........
#..g...).....#####
#g@..........#
...Jgg.#######...##
####### #####


You could see a gnoll shaman, 3 gnolls and an endoplasm.


Message History

A gnoll comes into view.
It is wielding a +2 mace of holy wrath. 😮 HP[+1] Unknown command.
Unknown command.
You closely miss the gnoll. The gnoll barely misses you.
The gnoll hits you from afar with a +0 spear.
The gnoll hits you with a +0 spear. The gnoll shaman barely misses you.
The gnoll hits you from afar with a +0 spear. 😮 HP[-10]
You take 10 damage, and now have 44/76 hp.
You completely miss the gnoll. The gnoll hits you with a +0 spear.
The gnoll shaman hits you with a +0 whip.
The gnoll closely misses you. 😮 HP[-1]
You take 1 damage, and now have 43/76 hp.
You closely miss the gnoll.
The gnoll shouts!
Your punch misses the gnoll. The gnoll hits you but does no damage.
The gnoll shaman barely misses you.
The gnoll hits you from afar with a +0 spear. x2
The gnoll shaman hits you but does no damage.
The gnoll closely misses you. 😮 HP[-4]
You take 4 damage, and now have 39/76 hp.
Unknown command.
You punch the gnoll!
You feel the effects of Trog's Hand fading.
The gnoll barely misses you.
The gnoll shaman hits you with a +0 whip.
The gnoll hits you but does no damage. 😮 HP[+1]
You hit the gnoll but do no damage. The gnoll hits you with a +0 spear!
* * * LOW HITPOINT WARNING * * *
The gnoll shaman calls upon its god to speed up the gnoll.
The gnoll seems to speed up.
The gnoll hits you but does no damage. 😨 HP[-4]
You take 4 damage, and now have 36/76 hp.
Unknown command.
Unknown command.
You closely miss the gnoll.
The gnoll hits you from afar with a +0 spear.
* * * LOW HITPOINT WARNING * * *
The gnoll hits you with a +0 spear.
* * * LOW HITPOINT WARNING * * *
The gnoll shaman closely misses you.
The gnoll hits you from afar with a +0 spear.
* * * LOW HITPOINT WARNING * * *
The gnoll shaman barely misses you. The gnoll barely misses you. 😨 HP[-12]
You take 12 damage, and now have 24/76 hp.
You hit the gnoll but do no damage.
Your skin stops crawling.
You feel less strong-willed.
The gnoll hits you from afar with a +0 spear.
* * * LOW HITPOINT WARNING * * *
The gnoll hits you but does no damage. The gnoll closely misses you.
The gnoll shaman calls upon its god to heal the gnoll.
The gnoll is healed somewhat. 😱 HP[-5]
You take 5 damage, and now have 19/76 hp.
Unknown command.
It was a potion of curing.
You feel better.
You feel yourself speed up.
The gnoll hits you from afar with a +0 spear.
* * * LOW HITPOINT WARNING * * *
The gnoll hits you from afar with a +0 spear!
* * * LOW HITPOINT WARNING * * *
The gnoll hits you with a +0 spear.
* * * LOW HITPOINT WARNING * * *
The gnoll shaman closely misses you. The gnoll closely misses you.
The gnoll misses you.
The gnoll shaman hits you with a +0 whip.
* * * LOW HITPOINT WARNING * * *
😱 HP[-6]
You take 6 damage, and now have 13/76 hp.
It was a potion of degeneration.
There was something very wrong with that liquid.
You feel weakened.
You feel dopey.
You feel clumsy.
The gnoll hits you from afar with a +0 spear!
* * * LOW HITPOINT WARNING * * *
The gnoll hits you with a +0 spear.
* * * LOW HITPOINT WARNING * * *
The gnoll shaman misses you. 😱 HP[-9]
You take 9 damage, and now have 4/76 hp.
Unknown command.
Unknown command.
Unknown command.
It was a potion of berserk rage.
You're still recovering from your berserk rage.
The gnoll misses you. The gnoll closely misses you.
The gnoll hits you with a +0 spear.
* * * LOW HITPOINT WARNING * * *
The gnoll shaman closely misses you. 😱 HP[-3]
You take 3 damage, and now have 1/76 hp.
It was a potion of attraction.
You feel attractive to monsters. The gnoll misses you.
The gnoll hits you with a +0 spear!
You die...

Skill      XL: |  1  2  3  4  5  6 |
---------------+-------------------+-----
Unarmed Combat | 3 4 |  4.5
Throwing       | 1 2 |  2.4
Armour         | 1 2 |  2.0
Fighting       | 5 6 |  6.8
Dodging        | |  2.6

Action                   |  1- 3 |  4- 6 |  7- 9 || total
-------------------------+-------+-------+-------++-------
Melee: Unarmed           |    97 |   166 |     9 ||   272
       Punch             |       |     2 |       ||     2
Throw: Stone             |    23 |     2 |       ||    25
Invok: Berserk           |     1 |     4 |       ||     5
       Trog's Hand       |       |     1 |     1 ||     2
  Use: Potion            |       |       |     4 ||     4
 Stab: Sleeping          |     1 |     1 |       ||     2
Armor: Animal skin       |    22 |    37 |     6 ||    65
Dodge: Dodged            |    50 |    74 |    20 ||   144

Levels and vault maps discovered:
D:1:      lemuel_arrival_lava_pool, layout_loops_ring,
          chequers_ecumenical_altar_simple_redux, serial_bayou_pond_e
D:2:      layout_loops_cross, serial_rivers, chequers_serial_rivers_small_b,
          chequers_serial_rivers_micro_c, chequers_serial_rivers_micro_c,
          chequers_serial_rivers_large_b
D:3:      layout_loops_cross, serial_glass, glass_columns_a, glass_columns_b,
          gammafunk_ghost_grave, amcnicky_mini_pool_small
D:4:      layout_loops_ring, minmay_temple_entry_statues_fountains,
          minmay_misc_feat_x

Notes
Turn   | Place    | Note
-------+----------+-------------------------------------------
     0 | D:1      | spaghetti the Ogre Berserker began the quest for the Orb.
     0 | D:1      | Reached XP level 1. HP: 24/24 MP: 1/1
     0 | D:1      | magus.rc [v1.9.6]
    18 | D:1      | Found a faded altar of an unknown god.
   263 | D:1      | You fall into a shaft and drop 1 floor!
   592 | D:2      | Reached XP level 2. HP: 32/32 MP: 2/2
  1041 | D:3      | Reached skill level 3 in Unarmed Combat
  1267 | D:3      | Reached skill level 1 in Throwing
  1267 | D:3      | Reached XP level 3. HP: 37/41 MP: 3/3
  1278 | D:3      | HP: 6/41 [orc/+0 flail (6)]
  1362 | D:3      | Reached skill level 1 in Armour
  1362 | D:3      | Reached XP level 4. HP: 49/49 MP: 4/4
  1383 | D:3      | Reached skill level 5 in Fighting
  1484 | D:3      | Reached ** piety under Trog
  1604 | D:3      | Found a runed translucent door.
  1605 | D:3      | Noticed Dordric's ghost (amateur FoHu)
  1782 | D:3      | Reached XP level 5. HP: 56/57 MP: 5/5
  1806 | D:3      | Killed Dordric's ghost
  1896 | D:4      | Found a staircase to the Ecumenical Temple.
  1903 | D:4      | Reached skill level 6 in Fighting
  2002 | D:4      | Reached skill level 4 in Unarmed Combat
  2002 | D:4      | Reached XP level 6. HP: 67/67 MP: 6/6
  2009 | D:4      | Reached skill level 2 in Throwing
  2121 | D:4      | Reached skill level 2 in Armour
  2216 | D:4      | Reached XP level 7. HP: 76/76 MP: 7/7
  2245 | D:4      | HP: 19/76 [gnoll/+0 spear[a gnoll shaman] (6)]
  2247 | D:4      | HP: 7/76 [gnoll/+0 spear[a gnoll shaman] (7)]
  2248 | D:4      | HP: 1/76 [gnoll/+0 spear[a gnoll shaman] (4)]
  2249 | D:4      | Mangled by a gnoll

Vanquished Creatures
  The ghost of Dordric the Vandal, an amateur FoHu of Nemelex Xobeh (D:3)
  A necrophage (D:4)
  2 scorpions (D:4)
  2 orc priests (D:3)
  An iguana (D:4)
  2 adders
  3 gnolls (D:4)
  An ufetubus (D:4)
  A dart slug (D:3)
  12 orcs
  8 endoplasms
  2 goblins
  6 hobgoblins
  4 quokkas (D:3)
  5 ball pythons
  4 bats
  3 kobolds
  3 rats
61 creatures vanquished.

Vanquished Creatures (others)
  2 withered plants (D:3)
2 creatures vanquished.

Grand Total: 63 creatures vanquished

Table legend:
 A = Non-vault XP
 B = Vault XP
 C = Vault XP percentage of total XP
 D = Non-vault monster count
 E = Vault monster count
 F = Vault count percentage of total count
                 A         B        C        D         E       F
            +---------+---------+-------+---------+---------+-------
      Total |     541 |     112 |  17.2 |      60 |       1 |   1.6
            +---------+---------+-------+---------+---------+-------
        D:1 |       7 |       0 |   0.0 |       5 |       0 |   0.0
        D:2 |      10 |       0 |   0.0 |       6 |       0 |   0.0
        D:3 |     157 |     112 |  41.6 |      30 |       1 |   3.2
        D:4 |     367 |       0 |   0.0 |      19 |       0 |   0.0
            +---------+---------+-------+---------+---------+-------

Illustrated notes

Table legend:
 A = Kills in this place as a percentage of kills in entire the game.
 B = Kills by you in this place as a percentage of kills by you in the entire game.
 C = Kills by friends in this place as a percentage of kills by friends in the entire game.
 D = Other kills in this place as a percentage of other kills in the entire game.
 E = Experience gained in this place as a percentage of experience gained in the entire game.
 F = Experience gained in this place divided by the number of levels of this place that you have seen.
                   A       B       C       D       E      F
               +-------+-------+-------+-------+-------+----------------------
         Total | 100.0 | 100.0 |   N/A |   N/A | 100.0 | 163.2
       Dungeon | 100.0 | 100.0 |   N/A |   N/A | 100.0 | 163.2
               +-------+-------+-------+-------+-------+----------------------

Table legend: (Time is in decaauts)
 A = Elapsed time spent in this place.
 B = Non-inter-level travel time spent in this place.
 C = Inter-level travel time spent in this place.
 D = Time resting spent in this place.
 E = Time spent auto-exploring this place.
 F = Levels seen in this place.
 G = Mean time per level.
                   A        B        C        D        E       F      G
               +--------+--------+--------+--------+--------+-----+--------+
         Total |   2322 |   2227 |     95 |     44 |   1671 |   4 |  580.5 |
       Dungeon |   2322 |   2227 |     95 |     44 |   1671 |   4 |  580.5 |
               +--------+--------+--------+--------+--------+-----+--------+

Top non-repeatable levels by time:
     D:3: 871 daAuts
     D:2: 782 daAuts
     D:4: 406 daAuts
     D:1: 262 daAuts
